 Dungeon Crawl Stone Soup version 0.28-a0-1616-g050a50673c (webtiles) character file.

Game seed: 17492800796025375878

28877 soggyman666 the Nimble (level 13, -1/76 HPs)
             Began as a Djinni Fire Elementalist on Jan 23, 2022.
             Was a Priest of Ashenzari.
             Slain by a two-headed ogre (8 damage)
             ... on level 9 of the Dungeon.
             The game lasted 01:25:39 (23045 turns).

soggyman666 the Nimble (Djinni Fire Elementalist)  Turns: 23045, Time: 01:25:39

Health: -1/76      AC:  6    Str:  7    XL:     13   Next: 76%
Gold:   2369       EV: 19    Int: 28    God:    Ashenzari [***...] SH:  0 Dex: 14

rFire   + . .      SeeInvis +   b - staff of conjuration (curse) {Range, Self}
rCold   . . .      Faith    .   (no shield)
rNeg    . . .      Spirit   .   B - +2 robe of Apeoromancy {Will+, Melee, Evo} (curse)
rPois   ∞          Reflect  .   a - +0 helmet
rElec   .          Harm     .   h - scarf of the Pangnostic Oracle {repulsion, Self, Evo} (curse)
rCorr   +          Rampage  .   u - +0 pair of gloves "Eternal With Me" {Regen+ rCorr, Fort, Evo} (curse)
Will    ++...      Clarity  +   (boots unavailable)
Stlth   ++++......              (no amulet)
HPRegen 1.02/turn               r - ring of the Distant God {Int+6, Range, Self} (curse)
MPRegen 0.00/turn               t - ring of ice

@: about to teleport, flying, studying Polearms, repel missiles
A: sickness immunity, fire resistance 2, cold vulnerability 1, float, innate
caster, hp casting, extra vitality 1
a: Renounce Religion, Curse Item, Shatter the Chains


You were on level 9 of the Dungeon.
You worshipped Ashenzari.
Ashenzari was most pleased with you.
You visited 2 branches of the dungeon, and saw 15 of its levels.

You collected 2369 gold pieces.

Inventory:

Armour
 a - a +0 helmet (worn)
 h - the cursed scarf of the Pangnostic Oracle (worn) {repulsion, Self, Evo}
   (You found it on level 2 of the Dungeon)

   It has a curse which improves the following skills: Introspection: Fighting
   and Spellcasting.
   Evocations: Evocations.
 u - the cursed +0 pair of gloves "Eternal With Me" (worn) {Regen+ rCorr, Fort, Evo}
   (You found it on level 10 of the Dungeon)

   Regen:     It increases your rate of health regeneration.
   rCorr:     It protects you from acid and corrosion.
   It has a curse which improves the following skills: Fortitude: Armour and
   Shields.
   Evocations: Evocations.
 B - the cursed +2 robe of Apeoromancy (worn) {Will+, Melee, Evo}
   (You took it off a spriggan on level 2 of the Lair of Beasts)

   It has a curse which improves the following skills: Melee Combat: Short
   Blades, Long Blades, Axes, Maces & Flails, Polearms, Staves and Unarmed
   Combat.
   Evocations: Evocations.
Magical Staves
 b - a cursed staff of conjuration (weapon) {Range, Self}
Jewellery
 j - a ring of fire
 r - the cursed ring of the Distant God (left hand) {Int+6, Range, Self}
   (You found it on level 8 of the Dungeon)

   [ring of intelligence]

   Int:       It affects your intelligence (+6).
   It has a curse which improves the following skills: Ranged Combat: Slings,
   Bows, Crossbows and Throwing.
   Introspection: Fighting and Spellcasting.
 t - a ring of ice (right hand)
 x - a ring of ice
Wands
 f - a wand of flame (10)
 o - a wand of polymorph (9)
 p - a wand of iceblast (11)
 q - a wand of acid (3)
 w - a wand of mindburst (5)
 z - a wand of digging (4)
Scrolls
 e - a scroll of enchant weapon
 l - 5 scrolls of identify
 m - 2 scrolls of holy word
 n - 2 scrolls of teleportation
 y - a scroll of enchant armour
 C - a scroll of magic mapping
Potions
 c - a potion of haste
 g - 6 potions of curing
 i - 4 potions of attraction
 k - 2 potions of might
 s - 3 potions of ambrosia
 v - 3 potions of cancellation
 A - 2 potions of heal wounds


   Skills:
 * Level 14.9 Dodging
 - Level 8.3 Stealth
 - Level 11.5(14.7) Spellcasting
 - Level 5.9(9.1) Evocations


You had 8 spell levels left.
You knew the following spells:

 Your Spells              Type           Power      Damage    Failure   Level
a - Foxfire               Conj/Fire      100%       2x1d9     0%          1
b - Scorch                Fire           100%       2d10      0%          2
c - Conjure Flame         Conj/Fire      100%       6-21      1%          3
d - Inner Flame           Hex/Fire       80%        N/A       1%          3
e - Flame Wave            Conj/Fire      100%       2d17      1%          4
f - Animate Skeleton      Necr           100%       N/A       0%          1
g - Blink                 Tloc           100%       N/A       0%          2
h - Gell's Gravitas       Tloc           80%        N/A       1%          3
i - Summon Lightning Spi  Summ/Air       80%        N/A       1%          4
j - Lee's Rapid Deconstr  Erth           40%        3d21*     1%          5
k - Yara's Violent Unrav  Hex/Tmut       40%        3d16      1%          5
Your spell library was empty.

Dungeon Overview and Level Annotations

Branches:
Dungeon (11/15)            Temple (0/1) D:6            Lair (4/6) D:9
  Swamp (0/4) Lair:2          Orc (0/2) D:9
  Snake: Lair:2-4    Spider: Lair:2-4

Altars:
Ashenzari
Cheibriados
Dithmenos
Fedhas
Kikubaaqudgha
Makhleb
Nemelex Xobeh
Trog
Vehumet
Yredelemnul
The Shining One

Portals:
Trove: D:10 (give 4 scrolls of fear)

Annotations:
D:8 2 transporters
Lair:3 Snorg


Innate Abilities, Weirdness & Mutations

You are immune to sickness and miasma.
You are immune to poison.
Your flesh is very heat resistant. (rF++)
You are vulnerable to cold. (rC-)
You float through the air rather than walking.
You learn spells naturally, not from books.
Your magical power is your life essence.
You have superior vitality. (+4 MHP)


Message History

Press: ? - help, v - describe, . - travel A stone staircase leading up.
Casting: Scorch (safe; 0% risk of failure)
Confirm with . or Enter, or press ? or * to list all spells.
You don't know that spell.
Casting: Scorch (safe; 0% risk of failure)
Confirm with . or Enter, or press ? or * to list all spells.
Aiming: Lee's Rapid Deconstruction (safe; 1% risk of failure)
Press: ? - help, Dir - move target, p - tengu warrior A rock wall.
The wall shatters!
The blast of rock fragments hits the two-headed ogre!
The two-headed ogre is moderately wounded.
The two-headed ogre hits you with a +0 giant club!!
The two-headed ogre barely misses you.
The tengu warrior hits you with a +0 war axe!
The tengu warrior pecks you but does no damage.
The tengu warrior claws you.
As you read the scroll of fog, it crumbles to dust.
The scroll dissolves into smoke.
The tengu warrior is no longer more vulnerable to fire.
The two-headed ogre completely misses you.
The two-headed ogre hits you but does no damage.
The tengu warrior hits you with a +0 war axe!
* * * LOW HITPOINT WARNING * * *
The tengu warrior pecks you but does no damage.
The tengu warrior barely misses you.
As you read the scroll of teleportation, it crumbles to dust.
You feel strangely unstable.
The tengu warrior hits you with a +0 war axe.
* * * LOW HITPOINT WARNING * * *
The tengu warrior closely misses you. The tengu warrior misses you.
The two-headed ogre barely misses you. x2
The tengu warrior hits you with a +0 war axe!
* * * LOW HITPOINT WARNING * * *
The tengu warrior pecks you.
* * * LOW HITPOINT WARNING * * *
The tengu warrior completely misses you.
The two-headed ogre hits you with a +0 giant club!
You die...

###.........####.#
#.........# #.#
#.........# #.#
#.........# #.#
#.........# #.#
#.........# #.#
#.........# #§#
#.........# #Q#
#.........# #@#
#.........# #O#
#.........# #§#
#.........# #.#
#.........# #.#
#.........# #.#
#.......[.# #.#
#.......!.# #.#
#.........####.#


You could see a tengu warrior and a two-headed ogre.

Vanquished Creatures
  A two-headed ogre (D:5)
  An orc knight (D:10)
  2 elephants (Lair:3)
  A black mamba (Lair:1)
  Maggie (Lair:2)
  4 cane toads
  An unseen horror (D:11)
  2 komodo dragons
  2 rime drakes
  A troll (D:11)
  A polar bear (Lair:2)
  A hornet (D:9)
  11 blink frogs
  2 dream sheep (D:9)
  4 shadows (D:9)
  A spriggan (Lair:2)
  17 yaks
  2 wyverns
  Grum (D:8)
  The ghost of issech the Vexing, an amateur GnAM of Yredelemnul (D:4)
  A basilisk (Lair:3)
  An acid dragon (D:10)
  A warg (D:10)
  Duvessa (D:7)
  3 water moccasins
  An orc warrior (D:6)
  3 black bears
  4 ice beasts
  A necrophage (D:6)
  3 ogres
  3 wolves
  A hornet zombie (D:7)
  5 centaurs
  4 kobold brigands
  5 bullfrogs
  3 scorpions
  Dowan (D:7)
  A water moccasin skeleton (D:5)
  A killer bee (D:8)
  A troll zombie (D:9)
  5 wights
  2 electric eels
  2 howler monkeys (D:9)
  3 centaur zombies
  4 hounds
  2 bullfrog zombies
  A centaur skeleton (D:6)
  2 jellies
  7 orc priests
  A bullfrog skeleton (D:4)
  A gnoll shaman (D:5)
  5 orc wizards
  2 iguanas
  Natasha (thrice) (D:2)
  2 killer bee zombies
  6 ogre zombies (D:9)
  A hound skeleton (D:5)
  A howler monkey zombie (D:8)
  10 gnolls
  12 adders
  A white imp (D:6)
  A worm (D:2)
  2 dart slugs (D:2)
  36 orcs
  4 bats
  9 endoplasms
  4 giant cockroaches
  8 goblins
  5 hobgoblins
  8 jackals (D:1)
  5 quokkas
  8 ball pythons
  3 frilled lizards (D:2)
  2 goblin zombies (D:9)
  A hobgoblin zombie (D:9)
  20 kobolds
  6 orc skeletons (D:9)
  16 orc zombies (D:9)
  A rat (D:3)
  3 foxfires
316 creatures vanquished.

Vanquished Creatures (collateral kills)
  Fannar (Lair:1)
  4 hydras
  Harold (D:7)
  A harpy (shapeshifter) (D:8)
  Pikel (D:6)
  A cyclops (D:11)
  2 elephants (Lair:3)
  Joseph (D:7)
  A black mamba (Lair:3)
  A cane toad (Lair:1)
  A komodo dragon (Lair:2)
  Grinder (D:6)
  2 blink frogs
  A tyrant leech (Lair:2)
  A spriggan (Lair:2)
  A shadow (D:10)
  A wraith (D:11)
  11 yaks
  A naga (Lair:3)
  An acid dragon (D:11)
  A water moccasin (Lair:1)
  6 orc warriors
  2 centaurs
  3 wolves
  A lemure (D:6)
  2 phantoms (D:7)
  2 kobold brigands (D:9)
  2 killer bees (D:8)
  4 wights
  A howler monkey (D:6)
  A bullfrog skeleton (D:6)
  An orc priest (D:10)
  An orc wizard (D:7)
  A howler monkey zombie (D:10)
  A shadow imp (D:6)
  5 orcs
  3 kobolds (D:9)
  16 foxfires
88 creatures vanquished.

Vanquished Creatures (others)
  1438 foxfires
  23 fungi
  30 plants
  2 withered plants (D:4)
1493 creatures vanquished.

Grand Total: 1897 creatures vanquished

Notes
Turn   | Place    | Note
-------+----------+-------------------------------------------
     0 | D:1      | soggyman666 the Djinni Fire Elementalist began the quest
                  | for the Orb.
     0 | D:1      | Reached XP level 1. HP: 15/15 MP: 0/0
   171 | D:1      | Reached XP level 2. HP: 9/21 MP: 0/0
   983 | D:1      | Reached XP level 3. HP: 22/25 MP: 0/0
   983 | D:1      | Learned a level 1 spell: Animate Skeleton
  2159 | D:2      | Noticed Natasha
  2163 | D:2      | Killed Natasha
  2164 | D:2      | Reached XP level 4. HP: 27/31 MP: 0/0
  2172 | D:2      | Noticed Natasha
  2175 | D:2      | Killed Natasha
  2544 | D:2      | Reached XP level 5. HP: 34/35 MP: 0/0
  2544 | D:2      | Learned a level 2 spell: Blink
  2860 | D:2      | Noticed Natasha
  2864 | D:2      | Killed Natasha
  3503 | D:3      | Reached XP level 6. HP: 25/40 MP: 0/0
  3514 | D:3      | Reached skill level 3 in Dodging
  3812 | D:3      | Found a broken altar of Ashenzari.
  3833 | D:3      | Became a worshipper of Ashenzari the Shackled
  4120 | D:3      | Found a basalt altar of Yredelemnul.
  4211 | D:3      | Noticed an ice beast
  4218 | D:3      | Killed an ice beast
  4219 | D:3      | Reached skill level 5 in Spellcasting
  4219 | D:3      | Reached XP level 7. HP: 40/45 MP: 0/0
  4219 | D:3      | Learned a level 3 spell: Gell's Gravitas
  4991 | D:4      | Found a runed translucent door.
  4992 | D:4      | Noticed issech's ghost (amateur GnAM)
  5190 | D:4      | Identified the +0 scale mail of Limited Liability {Harm
                  | Drain rElec SInv}
  5355 | D:4      | Identified a scroll of acquirement
  5356 | D:4      | Acquired 423 gold pieces
  5978 | D:4      | Reached skill level 4 in Dodging
  6408 | D:4      | Reached XP level 8. HP: 45/50 MP: 0/0
  6587 | D:4      | Killed issech's ghost
  6707 | D:5      | Entered Level 5 of the Dungeon
  7642 | D:5      | Reached skill level 5 in Dodging
  7921 | D:5      | Reached XP level 9. HP: 51/55 MP: 0/0
  7921 | D:5      | Learned a level 4 spell: Summon Lightning Spire
  8207 | D:6      | Noticed a two-headed ogre
  8231 | D:5      | Killed a two-headed ogre
  8551 | D:6      | Found a staircase to the Ecumenical Temple.
  8586 | D:6      | Reached * piety under Ashenzari
  8654 | D:6      | Reached skill level 6 in Dodging
  9223 | D:6      | Reached XP level 10. HP: 44/60 MP: 0/0
  9228 | D:6      | Reached skill level 7 in Dodging
  9240 | D:6      | Noticed Pikel
  9255 | D:6      | Killed Pikel
  9256 | D:6      | Reached skill level 8 in Dodging
  9724 | D:6      | Reached ** piety under Ashenzari
  9734 | D:6      | Noticed Grinder
  9746 | D:6      | Killed Grinder
 10013 | D:7      | Noticed Harold
 10024 | D:7      | Killed Harold
 10025 | D:7      | Reached skill level 9 in Dodging
 10122 | D:7      | Noticed Duvessa
 10122 | D:7      | Noticed Dowan
 10134 | D:7      | Killed Dowan
 10137 | D:7      | Killed Duvessa
 10219 | D:7      | Noticed Joseph
 10230 | D:7      | Killed Joseph
 10231 | D:7      | Reached skill level 10 in Dodging
 10447 | D:7      | Found a sparkling altar of Nemelex Xobeh.
 10646 | D:7      | Reached skill level 5 in Stealth
 11036 | D:7      | Found a shadowy altar of Dithmenos.
 11091 | D:7      | Reached *** piety under Ashenzari
 11373 | D:7      | Found a snail-covered altar of Cheibriados.
 11373 | D:7      | Found a burning altar of Makhleb.
 11569 | D:8      | Reached XP level 11. HP: 41/65 MP: 0/0
 11569 | D:8      | Learned a level 5 spell: Lee's Rapid Deconstruction
 11575 | D:8      | Noticed Grum
 11577 | D:8      | Killed Grum
 11772 | D:8      | Found a transporter.
 11781 | D:8      | Reached skill level 11 in Dodging
 11787 | D:8      | Noticed a catoblepas
 11791 | D:8      | Noticed an orc knight
 11839 | D:8      | Noticed a boulder beetle
 11839 | D:8      | Noticed a centaur warrior
 11843 | D:8      | Found a transporter.
 11913 | D:8      | Found a blossoming altar of Fedhas.
 13113 | D:9      | Acquired 784 gold pieces
 13568 | D:9      | Found a staircase to the Lair.
 13752 | D:9      | Reached skill level 12 in Dodging
 14406 | D:9      | Found a staircase to the Orcish Mines.
 15258 | D:9      | Noticed a two-headed hydra
 15314 | D:9      | Killed a two-headed hydra
 15315 | D:9      | Reached skill level 10 in Spellcasting
 15315 | D:9      | Reached XP level 12. HP: 31/71 MP: 0/0
 15538 | Lair:1   | Entered Level 1 of the Lair of Beasts
 15805 | Lair:1   | Reached skill level 13 in Dodging
 16209 | Lair:1   | Noticed a seven-headed hydra
 16238 | Lair:1   | Killed a seven-headed hydra
 16330 | Lair:1   | Noticed a six-headed hydra
 16378 | Lair:1   | Killed a six-headed hydra
 16425 | Lair:1   | Noticed Fannar
 16433 | Lair:1   | Killed Fannar
 17175 | Lair:2   | Noticed a five-headed hydra
 17178 | Lair:2   | Killed a five-headed hydra
 17185 | Lair:2   | Reached skill level 14 in Dodging
 17616 | Lair:2   | Reached XP level 13. HP: 54/76 MP: 0/0
 17616 | Lair:2   | Learned a level 5 spell: Yara's Violent Unravelling
 17616 | Lair:2   | Noticed Maggie
 17647 | Lair:2   | Killed Maggie
 18148 | Lair:2   | Found a staircase to the Swamp.
 18974 | Lair:3   | Found a bloodstained altar of Trog.
 19028 | Lair:3   | Reached skill level 1 in Evocations
 19188 | Lair:3   | Noticed Snorg
 19699 | D:10     | Entered Level 10 of the Dungeon
 19877 | D:10     | Identified the +0 pair of gloves "Guriehek" {Regen+ rCorr}
 19949 | D:10     | Reached skill level 5 in Evocations
 19971 | D:10     | Identified the ring "Cyxtaom" {Fly Str+2}
 20140 | D:10     | Found a glowing golden altar of the Shining One.
 20142 | D:10     | Found a bloodstained altar of Trog.
 20338 | D:10     | Found a portal to a secret trove of treasure.
 22896 | D:8      | Identified the +0 helmet of Kicyoroe {rC+}
 22903 | D:8      | Noticed a centaur warrior
 23045 | D:9      | Slain by a two-headed ogre

Illustrated notes

Levels and vault maps discovered:
D:1:      dpeg_arrival_rooms_with_view, layout_loops_ring,
          minmay_small_reverse_x
D:2:      layout_loops_ring, minmay_misc_feat_more_columns, uniq_natasha
D:3:      layout_rooms, yredelemnul_altar_generic,
          mainiacjoe_overflow_tiny_flanked, serial_corexii_hall,
          corexii_hall_statues_l, corexii_hall_statues_x, minivault_27
D:4:      layout_gridville, gammafunk_ghost_grave
D:5:      layout_basic, general_overflow_altar
D:6:      layout_loops_ring, lemuel_doored_altar, minmay_temple_entry_ruins,
          minmay_starry_boxes, uniq_pikel, uniq_grinder
D:7:      layout_loops_ring, mainiacjoe_overflow_concentric_impassable,
          grunt_dithmenos_shadows, gammafunk_temple_overflow_elements,
          uniq_joseph, uniq_duvessa, uniq_harold
D:8:      cheibrodos_elevator_heist, layout_cave_pools,
          gammafunk_temple_overflow_arena, uniq_grum
D:9:      layout_long_grid, grunt_lair_entry_orc_guard_hut, zombieorc2_lemuel,
          hangedman_ranch
D:10:     layout_big_octagon, nicolae_overflow_squiral, serial_park,
          serial_park_avenue1, serial_park_avenue1, serial_park_tiny_2,
          serial_park_tiny_1, serial_park_tiny_2, enter_trove_6
D:11:     layout_layer_cave
Lair:1:   layout_gridlike, minmay_stone_trees_large, infiniplex_staircase_pool,
          uniq_fannar
Lair:2:   layout_loops_ring, minmay_swamp_entry_worms, forest_entry_grove,
          grunt_megastairs_1, lemuel_fruit_fields, uniq_maggie
Lair:3:   layout_regular_city, minmay_snake_entry_guardpost_small, basic_altar,
          nicolae_quartered_pool_little, uniq_snorg
Lair:4:   layout_cave_pods, gauntlet_entry_generic, eino_house_with_fridge

Skill      XL: |  1  2  3  4  5  6  7  8  9 10 11 12 13 |
---------------+----------------------------------------+-----
Spellcasting   | 3 4 5 6 7 9 10 11 | 11.5
Stealth        | 2 3 5 6 7 8 |  8.3
Dodging        | 3 4 5 6 10 12 14 | 14.9
Evocations     | 5 |  5.9

Action                   |  1- 3 |  4- 6 |  7- 9 | 10-12 | 13-15 || total
-------------------------+-------+-------+-------+-------+-------++-------
Melee: Staff             |       |       |       |    20 |       ||    20
       Punch             |       |       |       |     1 |       ||     1
 Cast: Foxfire           |   104 |    81 |   229 |   307 |   191 ||   912
       Scorch            |     2 |    20 |    57 |    97 |    45 ||   221
       Conjure Flame     |       |     2 |     4 |     2 |     4 ||    12
       Animate Skeleton  |       |     1 |     2 |       |       ||     3
       Gell's Gravitas   |       |       |     5 |       |       ||     5
       Summon Lightning  |       |       |    13 |    60 |    53 ||   126
       Lee's Rapid Decon |       |       |       |    36 |     4 ||    40
Invok: Curse Item        |       |       |     2 |     3 |     2 ||     7
       Shatter the Chain |       |       |       |       |     2 ||     2
Evoke: Wand              |       |       |       |       |     2 ||     2
  Use: Scroll            |     6 |     2 |     9 |     1 |     6 ||    24
Armor: Robe              |     1 |       |     3 |     7 |    13 ||    24
Dodge: Dodged            |     3 |     2 |    21 |    43 |    54 ||   123
       Repelled          |       |       |       |     1 |       ||     1

Table legend: (Time is in decaauts)
 A = Elapsed time spent in this place.
 B = Non-inter-level travel time spent in this place.
 C = Inter-level travel time spent in this place.
 D = Time resting spent in this place.
 E = Time spent auto-exploring this place.
 F = Levels seen in this place.
 G = Mean time per level.
                   A        B        C        D        E       F      G
               +--------+--------+--------+--------+--------+-----+--------+
         Total |  23059 |  22324 |    735 |   4269 |  14158 |  15 | 1537.3 |
       Dungeon |  19103 |  18522 |    581 |   3641 |  12173 |  11 | 1736.6 |
          Lair |   3955 |   3801 |    154 |    628 |   1985 |   4 |  988.8 |
               +--------+--------+--------+--------+--------+-----+--------+

Top non-repeatable levels by time:
     D:9: 3106 daAuts
     D:1: 2157 daAuts
    D:11: 1825 daAuts
     D:4: 1780 daAuts
     D:6: 1647 daAuts
     D:8: 1636 daAuts
     D:5: 1628 daAuts
  Lair:1: 1537 daAuts
     D:7: 1522 daAuts
     D:3: 1487 daAuts
  Lair:2: 1446 daAuts
     D:2: 1279 daAuts
    D:10: 1031 daAuts
  Lair:3: 969 daAuts
  Lair:4: 1 daAuts
